 Dungeon Crawl Stone Soup version 0.27-a0-1144-g0b7d3b79db (webtiles) character file.

Game seed: 15674325116851040789

50 neco the Sneak (level 3, -2/21 HPs)
             Began as an Octopode Fire Elementalist on May 10, 2021.
             Was a Follower of Kikubaaqudgha.
             Slain by a rat (3 damage)
             ... on level 2 of the Dungeon.
             The game lasted 00:15:42 (1497 turns).

neco the Sneak (Octopode Fire Elementalist)         Turns: 1497, Time: 00:15:42

Health: -2/21      AC:  1    Str:  8    XL:     3   Next: 79%
Magic:  4/6        EV: 13    Int: 17    God:    Kikubaaqudgha [*.....]
Gold:   73         SH:  0    Dex: 12    Spells: 5/6 levels left

rFire    . . .     SeeInvis .   h - +1 dagger (drain)
rCold    . . .     Faith    .   (no shield)
rNeg     . . .     Spirit   .   (helmet restricted)
rPois    .         Reflect  .   (no amulet)
rElec    .         Harm     .   (no ring)
rCorr    .         Rampage  .   (no ring)
Will     .....                  (no ring)
Stlth    +++.......             (no ring)
HPRegen  0.07/turn              (no ring)
MPRegen  0.10/turn              (no ring)
                                (no ring)
                                (no ring)

@: flying
A: almost no armour, amphibious, 8 rings, camouflage 1, gelatinous body 1,
(nimble swimmer 1), tentacles
a: Renounce Religion, Receive Corpses


You were on level 2 of the Dungeon.
You worshipped Kikubaaqudgha.
Kikubaaqudgha was aware of your devotion.
You visited 1 branch of the dungeon, and saw 2 of its levels.

You collected 73 gold pieces.

Inventory:

Hand Weapons
 a - a +0 dagger
 f - a +0 hunting sling
 g - a +0 club
 h - a +1 dagger of draining (weapon)
Missiles
 b - 8 stones
 d - 42 sling bullets
Scrolls
 e - a scroll of identify {unknown}


   Skills:
 + Level 2.4 Dodging
 + Level 3.6 Stealth
 + Level 0.7 Unarmed Combat
 + Level 2.3 Spellcasting
 + Level 1.2 Conjurations
 + Level 3.4 Fire Magic


You had 5 spell levels left.
You knew the following spells:

 Your Spells              Type           Power      Damage    Failure   Level
a - Foxfire               Conj/Fire      36%        2x1d5     7%          1

Your spell library contained the following spells:

 Spells                   Type           Power      Damage    Failure   Level
 Pain                     Necr           8%         1d4       19%         1
 Conjure Flame            Conj/Fire      9%         6-21      22%         3
 Corpse Rot               Necr/Air       N/A        N/A       28%         2
 Sublimation of Blood     Necr           1%         N/A       28%         2
 Inner Flame              Hex/Fire       7%         N/A       28%         3
 Vampiric Draining        Necr           1%         2d6       50%         3
 Sticky Flame             Conj/Fire      9%         2d3       56%         4
 Fireball                 Conj/Fire      4%         3d4       89%         5


Dungeon Overview and Level Annotations

Branches:
Dungeon (2/15)

Altars:
Kikubaaqudgha


Innate Abilities, Weirdness & Mutations

You cannot wear most types of armour.
You are amphibious.
You can wear up to eight rings at the same time.
Your skin changes colour to match your surroundings (Stealth+).
Your rubbery body absorbs attacks. (AC +1, EV +1)
((You are camouflaged near water. (Stealth+)))
You have tentacles for arms and can constrict up to eight enemies at once.


Message History

The goblin is heavily wounded.
A ball python comes into view.
Your life force feels restored.
Casting: Foxfire (safe; 7% risk of failure)
Confirm with . or Enter, or press ? or * to list all spells.
You conjure some foxfire!
You feel sick. The goblin hits you with a +0 club.
* * * LOW HITPOINT WARNING * * *
You are too injured to fight recklessly!
It was a potion of flight.
You feel very buoyant.
You fly up into the air.
* * * LOW HITPOINT WARNING * * *
You feel sick.
The foxfire hits the goblin.
You kill the goblin!
Kikubaaqudgha accepts your kill.
The foxfire hits the endoplasm.
The endoplasm is severely wounded.
A gnoll comes into view.
It is wielding a +0 halberd of holy wrath.
The foxfire hits the endoplasm.
You kill the endoplasm!
Kikubaaqudgha accepts your kill.
Unknown command.
* * * LOW HITPOINT WARNING * * *
You feel sick.
Things that are here:
a +0 dagger of pain; 10 gold pieces; a goblin corpse
* * * LOW HITPOINT WARNING * * *
You feel sick.
* * * LOW HITPOINT WARNING * * *
You feel sick.
The rat twitches its whiskers.
* * * LOW HITPOINT WARNING * * *
You feel sick.
You are no longer poisoned.
Found a dented platinum amulet.
The rat closely misses you.
There is a stone staircase leading down here.
The rat bites you.
You die...
Kikubaaqudgha rasps: "You have failed me!
Welcome... death!"

# ### .. ..# #.## #.#
....###.# ..#..##.#
"....##@# . #..Sr# .J
#.#..#
#.###.)..#############
#...)†#..............#
.....#g.##############.#
.#......# #.# #.#....#
#.# #......# #.#


You could see a gnoll, a ball python and a rat.

Vanquished Creatures
  An adder (D:2)
  4 bats
  5 endoplasms
  6 goblins
  3 hobgoblins (D:1)
  5 kobolds
  A quokka (D:1)
  5 ball pythons (D:1)
  7 rats
37 creatures vanquished.

Vanquished Creatures (others)
  48 foxfires
  4 toadstools (D:1)
52 creatures vanquished.

Grand Total: 89 creatures vanquished

Notes
Turn   | Place    | Note
-------+----------+-------------------------------------------
     0 | D:1      | neco the Octopode Fire Elementalist began the quest for the
                  | Orb.
     0 | D:1      | Reached XP level 1. HP: 11/11 MP: 3/3
   270 | D:1      | Reached XP level 2. HP: 6/17 MP: 1/5
   845 | D:1      | Reached XP level 3. HP: 21/21 MP: 4/6
   945 | D:1      | Found a faded altar of an unknown god.
   976 | D:1      | Became a worshipper of Kikubaaqudgha
   976 | D:1      | Reached * piety under Kikubaaqudgha
   976 | D:1      | Identified Kikubaaqudgha's Volume of Darkness
                  | (Kikubaaqudgha gifted it to you on level 1 of the Dungeon)
   976 | D:1      | Received a gift from Kikubaaqudgha
  1494 | D:2      | HP: 1/21 [poisoned by an adder]
  1497 | D:2      | Slain by a rat

Illustrated notes

Levels and vault maps discovered:
D:1:      ldierk_water_garden, layout_basic,
          hellmonk_ecumenical_altar_prayer_group, chequers_avenue
D:2:      layout_loops_ring, minmay_misc_feat_room, minmay_fractal_squares_5

Skill      XL: |  1  2 |
---------------+-------+-----
Stealth        | 3 |  3.6
Dodging        | |  2.4
Unarmed Combat | |  0.7
Spellcasting   | |  2.3
Conjurations   | |  1.2
Fire Magic     | |  3.4

Action                   || total
-------------------------++-------
Melee: Unarmed           ||    42
       Constrict         ||    17
       Tentacles         ||     7
       Dagger            ||     4
 Cast: Foxfire           ||    30
  Use: Potion            ||     1
 Stab: Sleeping          ||     4
Armor: Skin              ||    12
Dodge: Dodged            ||    36

Table legend: (Time is in decaauts)
 A = Elapsed time spent in this place.
 B = Non-inter-level travel time spent in this place.
 C = Inter-level travel time spent in this place.
 D = Time resting spent in this place.
 E = Time spent auto-exploring this place.
 F = Levels seen in this place.
 G = Mean time per level.
                   A        B        C        D        E       F      G
               +--------+--------+--------+--------+--------+-----+--------+
         Total |   1496 |   1496 |      0 |    424 |      0 |   2 |  748.0 |
       Dungeon |   1496 |   1496 |      0 |    424 |      0 |   2 |  748.0 |
               +--------+--------+--------+--------+--------+-----+--------+

Top non-repeatable levels by time:
     D:1: 1313 daAuts
     D:2: 182 daAuts
